 Dungeon Crawl Stone Soup version 0.17.0-28-g6e173f8 (webtiles) character file.

102 PossumBlood the Sneak (level 4, -1/29 HPs)
             Began as an Octopode Assassin on Dec 3, 2015.
             Slain by a gnoll
             ... wielding a +0 club
              (2 damage)
             ... on level 3 of the Dungeon.
             The game lasted 00:03:48 (1353 turns).

PossumBlood the Sneak (Octopode Assassin)           Turns: 1353, Time: 00:03:50

Health: -1/29      AC:  1    Str: 10    XL:     4   Next: 77%
Magic:  4/4        EV: 12    Int: 13    God:
Gold:   130        SH:  0    Dex: 14    Spells: 0 memorised, 3 levels left

rFire  + . .     SeeInvis .     a - +2 dagger
rCold  x . .     Clarity  .     (no shield)
rNeg   . . .     SustAt   .     l - +0 hat
rPois  .         Gourm    .     (no amulet)
rElec  .         Spirit   .     q - ring of fire
rCorr  .         Warding  .     (no ring)
rMut   .         Stasis   .     (no ring)
MR     .....                    (no ring)
Stlth  +++++.....               (no ring)
                                (no ring)
                                (no ring)
                                (no ring)

@: not resistant to hostile enchantments, quite stealthy
A: almost no armour, amphibious, 8 rings, constrict 8, camouflage 1, gelatinous
body 1
a: no special abilities


You were on level 3 of the Dungeon.
You were not hungry.

You visited 1 branch of the dungeon, and saw 3 of its levels.

You collected 130 gold pieces.

Inventory:

Hand Weapons
 a - a +2 dagger (weapon)
 b - a +0 blowgun
Missiles
 c - 53 poisoned needles
 d - 2 curare-tipped needles
Armour
 l - a +0 hat (worn)
Jewellery
 q - a ring of fire (left tentacle)
Scrolls
 f - a scroll of random uselessness {unknown}
 g - 2 scrolls of identify {unknown}
 k - a scroll of remove curse {unknown}
 m - a scroll of enchant weapon {unknown}
 r - a scroll of enchant armour {unknown}
Potions
 j - a potion of lignification {unknown}
 n - 2 potions of curing {unknown}
 o - a potion of brilliance {unknown}
 p - a potion of haste {unknown}
Comestibles
 e - a bread ration
 h - 7 fruits
 i - a beef jerky


   Skills:
 + Level 2.2 Fighting
 + Level 2.2 Short Blades
 + Level 2.0 Throwing
 + Level 1.4 Dodging
 * Level 7.7 Stealth


You had 3 spell levels left.
You didn't know any spells.

Dungeon Overview and Level Annotations

Branches:
Dungeon (3/15)

Altars:
Elyvilon


Innate Abilities, Weirdness & Mutations

You cannot wear most types of armour.
You are amphibious.
You can wear up to eight rings at the same time.
You can use your tentacles to constrict eight enemies at once.
Your skin changes colour to match your surroundings (Stealth).
Your rubbery body absorbs attacks (AC +1).


Message History

2 gnolls come into view.
Found a fuming orange potion.
A gnoll comes into view.
A gnoll comes into view. It is wielding a club.
Found 20 arrows.
The helpless gnoll fails to defend itself.
You impale the gnoll!!
You kill the gnoll!
The gnoll shouts! x2
The gnoll hits you with a whip!
You see here a gnoll corpse.
You barely miss the gnoll. You grab the gnoll. You constrict the gnoll.
The gnoll hits you with a whip!
You hit the gnoll. You squeeze the gnoll.
The gnoll is heavily wounded.
You constrict the gnoll, but do no damage.
The gnoll hits you with a whip!
* * * LOW HITPOINT WARNING * * *
The gnoll hits you with a club.
You die...

#.# ..# ## #######
###.### #. #...... .....
#.
#(....g#######.########.
#.....g@................
......######..>.........
#.... #............ ###.
#...######### # ###.# ##
#.# ..### #.# #.#.. #.#
#.#.# ... #.#.#


You could see 2 gnolls.

Vanquished Creatures
  Jessica (D:2)
  2 adders (D:2)
  A gnoll (D:3)
  3 giant geckos
  An orc (D:3)
  6 bats
  3 giant cockroaches
  9 goblins
  4 hobgoblins
  A quokka (D:2)
  A ball python (D:2)
  2 giant newts (D:2)
  6 kobolds
  4 rats (D:1)
44 creatures vanquished.

Notes
Turn   | Place    | Note
--------------------------------------------------------------
     0 | D:1      | PossumBlood the Octopode Assassin began the quest for the Orb.
     0 | D:1      | Reached XP level 1. HP: 14/14 MP: 1/1
   294 | D:1      | Reached XP level 2. HP: 16/19 MP: 2/2
   460 | D:1      | Reached skill level 6 in Stealth
   851 | D:2      | Reached XP level 3. HP: 11/24 MP: 3/3
  1107 | D:2      | Noticed Jessica
  1109 | D:2      | Killed Jessica
  1109 | D:2      | Reached skill level 7 in Stealth
  1109 | D:2      | Reached XP level 4. HP: 29/29 MP: 4/4
  1292 | D:3      | Found a white marble altar of Elyvilon.
  1353 | D:3      | HP: 1/29 [gnoll/whip (11)]
  1353 | D:3      | Slain by a gnoll

Action                   |  1- 3 |  4- 6 || total
-------------------------+-------+-------++-------
Melee: Dagger            |    55 |    17 ||    72
 Stab: Sleeping          |    14 |     4 ||    18
  Eat: Bread ration      |     1 |       ||     1
